 Dungeon Crawl Stone Soup version 0.31-a0-544-gceb718ecc6 (webtiles) character file.

Game seed: 5025773648422966967

21 Ofeo the Ruffian (level 3, 12/27 HPs)
             Began as a Djinni Shapeshifter on Aug 15, 2023.
             Quit the game on level 1 of the Dungeon.
             The game lasted 00:00:58 (427 turns).

Ofeo the Ruffian (Djinni Shapeshifter)               Turns: 427, Time: 00:00:59

Health: 12/27      AC:  2    Str: 14    XL:     3   Next: 2%
Gold:   39         EV: 12    Int: 11    God:
                   SH:  0    Dex: 13

rFire   + + .        b - +0 short sword
rCold   x . .        (no shield)
rNeg    . . .        a - +0 animal skin
rPois   ∞            (helmet currently unavailable)
rElec   .            (cloak currently unavailable)
rCorr   .            (gloves currently unavailable)
SInv    .            (boots unavailable)
Will    .....        (no amulet)
Stlth   +            (no ring)
HPRegen 0.24/turn    (no ring)
MPRegen 0.00/turn

%: no passive effects
@: beast-form, flying
A: beast (slay +1), flying, sickness immunity, fire resistance 2, cold
vulnerability 1, float, innate caster, HP casting, extra vitality 1
a: Begin Untransformation


You were on level 1 of the Dungeon.
You were a hulking beast.
You visited 1 branch of the dungeon, and saw 1 of its levels.

You collected 39 gold pieces.

Inventory:

Hand Weapons
 b - a +0 short sword (weapon)
Armour
 a - a +0 animal skin (worn)
 f - a +1 cloak
Talismans
 c - a beast talisman (active)
 d - a flux talisman
Scrolls
 e - a scroll of identify {unknown}
Potions
 g - a potion of magic {unknown}
 l - a potion of lignification


   Skills:
 + Level 1.5 Fighting
 + Level 2.6 Dodging
 - Level 3.1 Unarmed Combat
 + Level 2.9 Shapeshifting


You knew the following spells:

 Your Spells              Type           Power      Damage    Failure   Level
a - Kiss of Death         Conj/Necr      0%         2d5       34%         1
Your spell library was empty.

Dungeon Overview and Level Annotations

Branches:
Dungeon (1/15)

Altars:


Innate Abilities, Weirdness & Mutations

You are a hulking beast.
Your limbs bulge with bestial killing power. (Slay +1)
You are flying.
You are immune to sickness and miasma.
You are immune to poison.
Your flesh is very heat resistant. (rF++)
You are vulnerable to cold. (rC-)
You float through the air rather than walking.
You learn spells naturally, not from books.
Your magical power is your life essence.
You have superior vitality. (+4 MHP)


Message History

The bat is severely wounded.
The bat hits you but does no damage. The ball python bites you.
The ball python misses you.
You take 2 damage, and have 19/22 hp.
You hit the bat.
You kill the bat!
The ball python completely misses you. The ball python grabs you.
The ball python constricts you. The kobold barely misses you.
You closely miss the ball python. The ball python closely misses you.
The ball python constricts you. The kobold barely misses you.
The ball python barely misses you. The ball python constricts you.
You hit the ball python.
You kill the ball python!
The kobold hits you with a +0 whip.
You take 2 damage, and have 17/22 hp.
You closely miss the kobold. The kobold hits you with a +0 whip.
You take 1 damage, and have 16/22 hp.
You closely miss the kobold. The kobold hits you with a +0 whip.
You take 3 damage, and have 13/22 hp.
You are too injured to fight recklessly!
You are too injured to fight recklessly!
You are too injured to fight recklessly!
You are too injured to fight recklessly!
You are too injured to fight recklessly!
You are too injured to fight recklessly!
You barely miss the kobold. The kobold hits you with a +0 whip.
You take 4 damage, and have 9/22 hp.
You hit the kobold.
You kill the kobold!
You have reached level 3!
Your experience leads to an increase in your attributes!
Increase (s)trength, (i)ntelligence, or (d)exterity?
You feel clever. x2
The power to cast Kiss of Death wells up from within.
Spell assigned to 'a'.
You regained 3 hp, and now have 12/27 hp.
Saving game... please wait.
Welcome back, Ofeo the Djinni Shapeshifter.
Press ? for a list of commands and other information.
Are you sure you want to abandon this character and quit the game? (Confirm with "yes".)

.#.# .#.# . #.
.#.###### .# ...
.......... ..>#.###
...##.##.#.#......#
...##.## ....#...#
### ........
#.#.#...#... ..###.#
##.#.....#.#### .##
.. .....#$h....... .#
# #.#..........# .#
#.#.##.##.##.#
.##########.#.......#
............#.#....##
############.....#.#
#.....†....#.#
#######.####.....#.#
.....##.# #.....# #


There were no monsters in sight!

Vanquished Creatures
  A worm (D:1)
  4 bats (D:1)
  A giant cockroach (D:1)
  A goblin (D:1)
  A hobgoblin (D:1)
  4 jackals (D:1)
  A ball python (D:1)
  A frilled lizard (D:1)
  2 kobolds (D:1)
  A rat (D:1)
17 creatures vanquished.

Notes
Turn   | Place    | Note
-------+----------+-------------------------------------------
     0 | D:1      | Ofeo the Djinni Shapeshifter began the quest for the Orb.
     0 | D:1      | Reached XP level 1. HP: 17/17 MP: 0/0
    29 | D:1      | Reached XP level 2. HP: 11/22 MP: 0/0
   427 | D:1      | Reached XP level 3. HP: 12/27 MP: 0/0
   427 | D:1      | Learned a level 1 spell: Kiss of Death
   427 | D:1      | Quit the game

Illustrated notes

Levels and vault maps discovered:
D:1:      dpeg_arrival_brainrot, layout_basic

Action                     || total
---------------------------++-------
  Melee: Unarmed           ||    25
         Short sword       ||    47
 Armour: Animal skin       ||    23
  Dodge: Dodged            ||    71

Table legend: (Time is in decaauts)
 A = Elapsed time spent in this place.
 B = Non-inter-level travel time spent in this place.
 C = Inter-level travel time spent in this place.
 D = Time resting spent in this place.
 E = Time spent auto-exploring this place.
 F = Levels seen in this place.
 G = Mean time per level.
                   A        B        C        D        E       F      G
               +--------+--------+--------+--------+--------+-----+--------+
         Total |    424 |    424 |      0 |      0 |    294 |   1 |  424.0 |
       Dungeon |    424 |    424 |      0 |      0 |    294 |   1 |  424.0 |
               +--------+--------+--------+--------+--------+-----+--------+

Top non-repeatable levels by time:
     D:1: 424 daAuts
